 Dungeon Crawl Stone Soup version 0.27.1-3-gb3d3a73c9e (webtiles) character file.

Game seed: 16489130480264116253

2 HellSold the Stinger (level 1, 0/15 HPs)
             Began as a Naga Venom Mage on Oct 26, 2021.
             Slain by a rat (1 damage)
             ... on level 1 of the Dungeon.
             The game lasted 00:01:39 (129 turns).

HellSold the Stinger (Naga Venom Mage)               Turns: 129, Time: 00:01:39

Health: 0/15       AC:  1    Str: 10    XL:     1   Next: 40%
Magic:  3/3        EV:  9    Int: 15    God:
Gold:   10         SH:  0    Dex: 11    Spells: 3/4 levels left

rFire    . . .     SeeInvis +   c - +0 club
rCold    . . .     Faith    .   (no shield)
rNeg     . . .     Spirit   .   a - +0 robe
rPois    +         Reflect  .   (no helmet)
rElec    .         Harm     .   (no cloak)
rCorr    .         Rampage  .   (no gloves)
Will     .....                  (no barding)
Stlth    ++........             (no amulet)
HPRegen  0.05/turn              (no ring)
MPRegen  0.08/turn              (no ring)

@: very slow
A: AC +0, large, see invisible, deformed body, poison resistance, slowness 2,
spit poison 1, naga tail 1
a: Spit Poison


You were on level 1 of the Dungeon.
You visited 1 branch of the dungeon, and saw 1 of its levels.

You collected 10 gold pieces.

Inventory:

Hand Weapons
 c - a +0 club (weapon)
 d - a +0 dagger
Missiles
 b - 19 bolts
Armour
 a - a +0 robe (worn)


   Skills:
 + Level 1.5 Dodging
 + Level 3.0 Stealth
 + Level 2.1 Spellcasting
 + Level 1.0 Transmutations
 + Level 4.1 Poison Magic


You had 3 spell levels left.
You knew the following spells:

 Your Spells              Type           Power      Damage    Failure   Level
a - Sting                 Tmut/Pois      36%        1d4       8%          1

Your spell library contained the following spells:

 Spells                   Type           Power      Damage    Failure   Level
 Poisonous Vapours        Pois/Air       14%        N/A       14%         2
 Mephitic Cloud           Conj/Pois/Air  5%         N/A       36%         3
 Olgreb's Toxic Radiance  Pois           14%        N/A       36%         4


Dungeon Overview and Level Annotations

Branches:
Dungeon (1/15)

Altars:


Innate Abilities, Weirdness & Mutations

Your serpentine skin is tough. (AC +0)
You have supernaturally acute eyesight. (SInv)
Armour fits poorly on your strangely shaped body.
Your system is resistant to poisons. (rPois)
You cover ground very slowly.
You can spit poison.
You have a snake-like lower body.


Message History

The rat bites you.
The frilled lizard completely misses you.
The rat barely misses you. The frilled lizard barely misses you.
The rat closely misses you. The rat misses you. The rat bites you.
The rat misses you.
You barely miss the rat. The rat bites you but does no damage.
You hit the rat but do no damage. The rat bites you.
* * * LOW HITPOINT WARNING * * *
The rat bites you.
* * * LOW HITPOINT WARNING * * *
There are monsters nearby!
There are monsters nearby!
There are monsters nearby!
There are monsters nearby!
There are monsters nearby!
There are monsters nearby!
There are monsters nearby!
There are monsters nearby!
There are monsters nearby!
There are monsters nearby!
There are monsters nearby!
There are monsters nearby!
There are monsters nearby!
There are monsters nearby!
There are monsters nearby!
There are monsters nearby!
There are monsters nearby!
There are monsters nearby!
There are monsters nearby!
There are monsters nearby!
There are monsters nearby!
There are monsters nearby!
There are monsters nearby!
There are monsters nearby!
There are monsters nearby!
There are monsters nearby!
You barely miss the rat. The rat bites you.
You die...

#### .. .. ...... ... .. ..
#....# #.# .##. #....#####.# .#.
#....##..... .. #....##..... #.
....##.....
.##.##.#########..#.....
.......@rl..............
#################..##...
######################.##...
#.......................'...
######.####################..#...
#p#d##.# ......... ######.#
#####..... ....'..# ..#....
######.# .....[.#


You could see a frilled lizard and a rat.

Vanquished Creatures
  A bat (D:1)
  A goblin (D:1)
2 creatures vanquished.

Notes
Turn   | Place    | Note
-------+----------+-------------------------------------------
     0 | D:1      | HellSold the Naga Venom Mage began the quest for the Orb.
     0 | D:1      | Reached XP level 1. HP: 15/15 MP: 3/3
     2 | D:1      | Noticed a felid
     4 | D:1      | Noticed a minotaur
     4 | D:1      | Noticed a merfolk
     6 | D:1      | Noticed a human
     6 | D:1      | Noticed an elf
     8 | D:1      | Noticed a spriggan
     8 | D:1      | Noticed a dwarf
    10 | D:1      | Noticed a djinni
    10 | D:1      | Noticed a palentonga
    12 | D:1      | Noticed a gargoyle
    12 | D:1      | Noticed a naga
    14 | D:1      | Noticed a tengu
    16 | D:1      | Noticed a troll
    18 | D:1      | Noticed a formicid
    18 | D:1      | Noticed an ogre
    20 | D:1      | Noticed a ghoul
    20 | D:1      | Noticed a demonspawn
    22 | D:1      | Noticed a barachi
    22 | D:1      | Noticed a vine stalker
    24 | D:1      | Noticed a demigod
    24 | D:1      | Noticed an octopode
    26 | D:1      | Noticed a draconian
    26 | D:1      | Noticed a vampire
   129 | D:1      | Slain by a rat

Illustrated notes

Levels and vault maps discovered:
D:1:      kb_arrival_jail, layout_basic, ebering_ecumenical_altar_box

Action                   || total
-------------------------++-------
Melee: Club              ||     5
       Unarmed           ||     3
Armor: Robe              ||     1
Dodge: Dodged            ||     7
